 Dungeon Crawl Stone Soup version 0.22-a0-161-g198051c (webtiles) character file.

391939 kuniqs the Spry (level 22, -7/216 HPs)
             Began as a Deep Dwarf Fighter on Feb 11, 2018.
             Was the Champion of Makhleb.
             Killed from afar by a lich (39 damage)
             ... with a lance of force
             ... on level 5 of the Vaults.
             The game lasted 01:56:55 (39950 turns).

kuniqs the Spry (Deep Dwarf Fighter)               Turns: 39950, Time: 01:56:55

Health: -7/216     AC: 39    Str: 17    XL:     22   Next: 11%
Magic:  14/14      EV: 27    Int: 11    God:    Makhleb [******]
Gold:   5179       SH: 22    Dex: 18    Spells: 21/21 levels left

rFire    + + .     SeeInvis +   E - +14 obsidian axe {chop, +Fly SInv *Curse} (curse)
rCold    + + .     Gourm    +   i - +0 large shield
rNeg     + . .     Faith    .   X - +8 fire dragon scales
rPois    .         Spirit   .   j - +1 helmet
rElec    .         Reflect  .   C - +2 cloak {MR+}
rCorr    .         Harm     .   a - +0 pair of gloves {archery}
MR       ++++.                  h - +0 pair of boots of Honour {rC+++ Str-4 Dex-4 Slay+4}
Stlth    ..........             b - amulet of Mehockodweo {Gourm Dex+3}
HPRegen  0.00/turn              z - +6 ring of protection
MPRegen  0.14/turn              o - +5 ring of evasion

@: lethally poisoned (-7 -> -13), mesmerised, non-regenerating, studying Dodging
A: damage resistance, heal wounds, negative energy resistance 1, sense
surroundings 3, no regeneration
}: 2/15 runes: decaying, gossamer
a: Heal Wounds, Minor Destruction, Lesser Servant of Makhleb, Major Destruction,
Greater Servant of Makhleb, Renounce Religion, Evoke Flight


You were on level 5 of the Vaults.
You worshipped Makhleb.
Makhleb was exalted by your worship.
You were completely stuffed.

You visited 8 branches of the dungeon, and saw 40 of its levels.
You visited 1 bazaar.
You also visited: Ice Cave, Volcano and Desolation.

You collected 5599 gold pieces.
You spent 420 gold pieces at shops.

Inventory:

Hand Weapons
 E - the cursed +14 obsidian axe (weapon) {chop, +Fly SInv *Curse}
   (You found it on level 3 of the Elven Halls)

   It inflicts extra damage upon your enemies.
   It lets you see invisible.
   It lets you fly.
   It curses itself when equipped.
   It has a curse placed upon it.
Missiles
 r - 2 throwing nets (quivered)
Armour
 a - a +0 pair of gloves of archery (worn)
 h - the +0 pair of boots of Honour (worn) {rC+++ Str-4 Dex-4 Slay+4}
   (You found it on level 14 of the Dungeon)

   It affects your strength (-4).
   It affects your dexterity (-4).
   It affects your accuracy and damage with ranged weapons and melee attacks
   (+4).
   It renders you almost immune to cold.
 i - a +0 large shield (worn)
 j - a +1 helmet (worn)
 C - a +2 cloak of magic resistance (worn)
 X - +8 fire dragon scales (worn)
Jewellery
 b - the amulet of Mehockodweo (around neck) {Gourm Dex+3}
   (You found it on level 3 of the Elven Halls)

   [amulet of the gourmand]

   It allows you to eat raw meat even when not hungry.
   It affects your dexterity (+3).
 o - a +5 ring of evasion (right hand)
 z - a +6 ring of protection (left hand)
 G - an uncursed ring of see invisible
Wands
 c - a wand of iceblast (11)
 m - a wand of polymorph (2)
 B - a wand of flame (41)
 D - a wand of acid (3)
 L - a wand of digging (16)
 T - a wand of disintegration (10)
Scrolls
 e - 9 scrolls of magic mapping
 l - 11 scrolls of teleportation
 s - 2 scrolls of summoning
 v - 15 scrolls of remove curse {@r2}
 w - a scroll of silence
 y - 7 scrolls of identify {@r1}
 A - 6 scrolls of blinking
 F - 2 scrolls of fog
 H - 6 scrolls of immolation
 K - 2 scrolls of vulnerability
 O - 2 scrolls of enchant armour
 U - a scroll of fear
 V - 2 scrolls of holy word
Potions
 d - 7 potions of might
 g - 3 potions of haste
 n - 6 potions of resistance
 p - 7 potions of mutation
 q - 3 potions of cancellation
 u - 5 potions of flight
 x - 12 potions of curing {@q1}
 I - a potion of berserk rage
 M - 5 potions of agility
 P - 8 potions of heal wounds
 Q - 2 potions of invisibility
 W - 5 potions of ambrosia
Books
 t - a manual of Dodging
Miscellaneous
 k - a lightning rod (4/4)
 N - 3 boxes of beasts
Comestibles
 f - 80 rations
 J - a chunk of flesh


   Skills:
 + Level 16.6 Fighting
 + Level 16.0(17.4) Axes
   Level 11.1(14.3) Maces & Flails
 + Level 19.2 Armour
 - Level 20.0 Dodging
 + Level 19.2 Shields
 - Level 6.0 Invocations
 - Level 6.1 Evocations


You had 21 spell levels left.
You didn't know any spells.

Dungeon Overview and Level Annotations

Branches:
Dungeon (15/15)            Temple (1/1) D:7            Lair (6/6) D:10
  Swamp (4/4) Lair:4       Spider (4/4) Lair:2        Slime (0/5) Lair:6
    Orc (2/2) D:9             Elf (3/3) Orc:2        Vaults (5/5) D:13
  Crypt (0/3) Vaults:3     Depths (0/5) D:15

Altars:
Ashenzari
Cheibriados
Dithmenos
Elyvilon
Fedhas
Gozag
Hepliaklqana
Kikubaaqudgha
Makhleb
Nemelex Xobeh
Okawaru
Qazlal
Ru
Sif Muna
Trog
Uskayaw
Vehumet
Wu Jian
Xom
Yredelemnul
Zin
The Shining One
Beogh
Jiyva

Shops:
D:8 }   Orc:1 *   Orc:2 }(?!   Elf:3 *

Portals:
Pandemonium: Orc:2

Annotations:
Lair:1 exclusion: 3 oklob plants
Swamp:3 Mara
Elf:1 Roxanne
Elf:2 3 runed doors


Innate Abilities, Weirdness & Mutations

You are resistant to damage.
You can heal yourself by infusing magical energy.
You resist negative energy. (rN+)
You passively map a large area around you.
You do not regenerate.


Message History

The deep elf high priest invokes the aid of its god against you.
Something smites you!
* * * LOW HITPOINT WARNING * * *
The titan hits you!!
* * * LOW HITPOINT WARNING * * *
The ettin barely misses your ice devil.
The ettin hits your ice devil with a dire flail!!!
Your ice devil dies!
A deep troll comes into view.
Blink to where?
You cannot blink away from the lich!
Blink to where?
Okay, then.
You feel much better.
Visions of slaying the tentacled monstrosity flood into your mind.
You are no longer corroded.
You feel very sick. The lich casts a spell at you. The lance of force hits you!
You die...

.##.....##........... ,,
###########.......)######
* * ,
..................... , ,
, ..........<<......... ,
, .........<.(<........ ,
.........2<<ยง)C......,,
, *#######..CC.X.3######
* .........epXLX4.#* * *
*,* , #......(#Tcp@#)..#
, ,
.#......#..HC##....p., ,
,, , ..#.....#..c)#
#e.... , , ,
...#....#....#* ....., ,
, , ....#...#....# .....
, , ,.....#..#...(# , ..#
* , , , * #....# , .## ,
* , , ,, , #....# , ** *
, , ,,,, ,, #....# , ,


You could see a tentacled monstrosity, a titan, a sphinx, a stone giant, 2 vault
wardens, a lich, 2 yaktaur captains, 2 ettins, a deep troll, a deep elf high
priest, 2 large abominations, a hellion, a friendly sixfirhy and a friendly red
devil.

Vanquished Creatures
  A golden dragon (Vaults:5)
  Arachne (Spider:2)
  A bone dragon (Swamp:4)
  Jorgrun (Vaults:5)
  2 tentacled monstrosities (Vaults:5)
  A titan (Vaults:5)
  2 liches
  Asterion (Elf:1)
  6 deep elf master archers (Elf:3)
  A quicksilver dragon (Vaults:5)
  6 deep elf blademasters (Elf:3)
  An ancient champion (Vaults:3)
  A shadow dragon (Vaults:5)
  Donald (Orc:2)
  A thorn hunter (Swamp:2)
  A fire giant (Vaults:5)
  An orc warlord (Orc:2)
  3 deep elf sorcerers
  4 ghost moths
  4 emperor scorpions
  9 vault wardens
  2 imperial myrmidons (Desolation)
  3 frost giants
  4 deep elf elementalists
  2 war gargoyles (Vaults:5)
  9 ironheart preservers
  2 entropy weavers
  9 stone giants
  A vampire knight (Vaults:3)
  4 very ugly things
  5 deep elf annihilators
  2 deep elf demonologists (Elf:3)
  A dire elephant (D:15)
  3 halazid warlocks (Desolation)
  5 spark wasps
  A blizzard demon (IceCv)
  Snorg (Lair:5)
  A small abomination (Vaults:5)
  A crystal guardian (Desolation)
  7 deep elf death magi
  An eidolon (Vaults:3)
  5 ettins
  A deep elf high priest (Vaults:5)
  3 ragged hierophants (Desolation)
  6 fire dragons
  A jiangshi (Vaults:3)
  8 servants of whispers (Desolation)
  A great orb of eyes (Vaults:1)
  27 vault guards
  4 yaktaur captains
  An ice dragon (Vaults:2)
  13 hydras
  2 rakshasas
  3 peacekeepers
  7 centaur warriors
  3 ghost crabs (Swamp:4)
  A catoblepas (Lair:5)
  Erica (D:8)
  10 alligators
  3 death knights
  5 ogre magi
  A two-headed ogre (shapeshifter) (D:15)
  26 two-headed ogres
  A deep troll shaman (Vaults:2)
  9 dancing weapons
  6 death yaks (Lair:5)
  A sun demon (Orc:2)
  5 orc high priests (Orc:2)
  A soul eater (Orc:2)
  The ghost of Lathuz the Thaumaturge, a novice DEFE of Vehumet (D:9)
  5 deep elf knights
  15 skeletal warriors (Vaults:2)
  A shadow wraith (Vaults:4)
  2 gelid demonspawn (Orc:2)
  3 wizards
  A death drake (Swamp:4)
  A glowing orange brain (shapeshifter) (Vaults:1)
  3 spectral hydras (Swamp:4)
  An unseen horror (D:10)
  9 deep elf archers
  2 deep trolls
  A fire crab (Volcano)
  An infernal demonspawn (Orc:2)
  6 shambling mangroves
  A torturous demonspawn (Orc:2)
  6 phantasmal warriors
  2 lindwurms
  5 swamp dragons
  A wolf spider zombie (D:14)
  12 orc knights
  A harpy (shapeshifter) (Vaults:2)
  13 ironbrand convokers
  Pikel (D:5)
  4 harpies (Vaults:3)
  11 orb spiders
  25 wolf spiders
  A lindwurm (shapeshifter) (D:14)
  7 orc sorcerers
  2 oklob plants
  4 manticores
  25 deep elf magi
  15 ugly things
  A cyclops (shapeshifter) (D:13)
  5 moths of wrath
  A salamander (D:15)
  14 vault sentinels
  8 cyclopes
  A guardian serpent (Desolation)
  A smoke demon (Orc:2)
  3 molten gargoyles
  8 black mambas
  4 gargoyles (D:12)
  Joseph (D:7)
  Psyche (D:8)
  A black mamba (shapeshifter) (D:15)
  4 torpor snails
  2 swamp worm zombies (Swamp:4)
  6 elephants
  39 spiny frogs
  8 komodo dragons
  2 ice statues (IceCv)
  38 yaktaurs
  2 rime drakes
  An efreet (D:15)
  16 demonic crawlers
  6 freezing wraiths
  3 hydra zombies (Swamp:4)
  A hellwing (Orc:2)
  11 ice devils (IceCv)
  25 jumping spiders
  25 hornets
  29 saltlings (Desolation)
  2 hornets (shapeshifter)
  A merfolk (D:10)
  9 trolls
  Prince Ribbit (D:7)
  5 alligator zombies (Swamp:4)
  8 tyrant leeches
  A queen bee (Lair:3)
  16 blink frogs (Lair:6)
  A wolf spider simulacrum (D:15)
  5 polar bears
  21 slime creatures
  4 spectral swamp dragons (Swamp:4)
  7 dream sheep
  13 hippogriffs
  7 bog bodies
  A spriggan (shapeshifter) (Vaults:3)
  A centaur simulacrum (D:15)
  7 wyverns
  An air elemental (Elf:2)
  3 spriggans
  18 tarantellas
  A shadow (D:14)
  73 redbacks
  6 wraiths
  The ghost of pyroka the Skirmisher, an amateur MiBe of Trog (D:3)
  62 yaks
  8 fire bats (Volcano)
  2 fire elementals
  Grum (D:10)
  4 basilisks
  A hog (D:10)
  2 steam dragons (Volcano)
  2 hungry ghosts
  A yaktaur simulacrum (Vaults:3)
  22 vampire mosquitoes
  19 insubstantial wisps (Swamp:4)
  17 swamp worms
  3 wargs
  3 acid dragons
  A soldier ant (D:14)
  12 water moccasins
  A soldier ant (shapeshifter) (D:13)
  2 porcupines
  2 floating eyes (shapeshifter)
  44 orc warriors
  4 ice beasts
  4 sky beasts
  3 swamp drakes
  An eye of draining (D:12)
  12 black bears
  9 phantoms
  27 ogres
  8 boggarts
  8 wolves
  4 swamp dragon zombies (Swamp:4)
  9 centaurs
  24 crocodiles
  4 big kobolds
  26 bullfrogs
  3 earth elementals
  2 wyvern zombies (D:14)
  2 gnoll sergeants
  A wyvern skeleton (D:10)
  6 scorpions
  25 killer bees
  7 howler monkeys
  14 jellies
  11 electric eels
  12 crimson imps
  3 lava snakes (Volcano)
  A quasit (D:12)
  5 bullfrog zombies
  12 hounds
  4 centaur skeletons
  6 centaur zombies
  2 gnoll shamans (D:10)
  29 orc priests
  22 orc wizards
  3 bullfrog skeletons
  11 human skeletons (Vaults:3)
  3 iguanas
  13 worker ants
  A killer bee zombie (D:4)
  A hound zombie (D:7)
  A hound skeleton (D:7)
  A howler monkey skeleton (D:7)
  A worker ant zombie (D:11)
  14 gnolls
  A swamp drake zombie (Swamp:4)
  12 adders
  3 shadow imps
  5 white imps (IceCv)
  11 ufetubi (IceCv)
  12 oozes (Lair:2)
  An adder skeleton (D:6)
  6 worms
  3 dart slugs
  4 leopard geckos
  99 orcs
  9 giant cockroaches
  5 goblins
  2 hobgoblins
  4 jackals (D:4)
  6 quokkas
  2 ball pythons
  6 bats
  4 frilled lizards
  9 kobolds
  A leopard gecko skeleton (D:6)
  A quokka skeleton (D:9)
  A quokka zombie (D:6)
  6 rats
  A fungus (Lair:4)
  3 plants
1721 creatures vanquished.

Vanquished Creatures (collateral kills)
  Gastronok (Lair:1)
  A tengu reaver (Vaults:5)
  A fire giant (Vaults:5)
  A deep elf sorcerer (Vaults:5)
  2 frost giants (Vaults:5)
  3 vault wardens
  2 ironheart preservers
  2 very ugly things (Vaults:5)
  A stone giant (Vaults:3)
  The ghost of Azzok the Covert, a journeyman GnEn of Vehumet (D:10)
  2 deep elf annihilators
  An ettin (Vaults:3)
  2 fire dragons
  3 yaktaur captains
  A large abomination (Vaults:5)
  A deep elf high priest (Vaults:5)
  An ice dragon (Vaults:4)
  4 vault guards
  A rakshasa (Vaults:3)
  5 ogre magi
  5 two-headed ogres
  A deep troll shaman (Vaults:2)
  A deep elf knight (Vaults:2)
  A shadow wraith (Vaults:3)
  3 skeletal warriors (Vaults:2)
  2 deep trolls
  A deep elf archer (Vaults:2)
  A flayed ghost (Vaults:3)
  8 ironbrand convokers
  A swamp dragon (Swamp:1)
  2 orc knights
  2 deep elf magi
  A harpy (Vaults:3)
  2 orc sorcerers
  2 ugly things (Vaults:4)
  2 cyclopes (Vaults:1)
  A wolf spider (Vaults:3)
  A spiny frog (shapeshifter) (Vaults:4)
  4 vault sentinels
  A spiny frog (Swamp:1)
  6 yaktaurs
  A freezing wraith (Vaults:1)
  A troll (D:10)
  A queen bee (shapeshifter) (Vaults:3)
  2 slime creatures (Vaults:2)
  A dream sheep (shapeshifter) (Vaults:5)
  2 wargs
  An orc warrior (Vaults:2)
  An ice beast (D:10)
  6 ogres
  3 boggarts
  A gnoll sergeant (D:10)
  A human skeleton (Vaults:3)
  2 orcs
107 creatures vanquished.

Vanquished Creatures (others)
  An orb spider (Spider:4)
  A phantasmal warrior (Swamp:4)
  A spiny frog (Swamp:4)
  A jumping spider (Spider:3)
  A hornet (Swamp:4)
  An insubstantial wisp (Swamp:4)
  An orc warrior (Vaults:5)
  A human (D:3)
  A bullfrog zombie (D:8)
  2 ufetubi (IceCv)
  An orc (D:13)
  17 fungi
  57 plants
86 creatures vanquished.

Grand Total: 1914 creatures vanquished

Notes
Turn   | Place    | Note
-------+----------+-------------------------------------------
     0 | D:1      | kuniqs the Deep Dwarf Fighter began the quest for the Orb.
     0 | D:1      | Reached XP level 1. HP: 20/20 MP: 1/1
    49 | D:1      | Reached XP level 2. HP: 22/27 MP: 2/2
   478 | D:2      | Reached skill level 1 in Dodging
   483 | D:2      | Reached XP level 3. HP: 21/33 MP: 3/3
   593 | D:2      | Reached XP level 4. HP: 31/42 MP: 4/4
  1208 | D:3      | Reached skill level 2 in Dodging
  1213 | D:3      | Reached XP level 5. HP: 36/49 MP: 5/5
  1413 | D:3      | Found an ancient bone altar of Kikubaaqudgha.
  1413 | D:3      | Noticed a human
  1415 | D:3      | Killed a human
  1612 | D:3      | Found a radiant altar of Vehumet.
  1644 | D:3      | Noticed pyroka's ghost (amateur MiBe)
  1660 | D:3      | Killed pyroka's ghost
  1660 | D:3      | Reached XP level 6. HP: 56/57 MP: 6/6
  1693 | D:3      | Reached skill level 3 in Dodging
  2099 | D:4      | Reached skill level 5 in Armour
  2099 | D:4      | Reached XP level 7. HP: 52/64 MP: 7/7
  2221 | D:4      | Reached skill level 5 in Shields
  2363 | D:5      | Entered Level 5 of the Dungeon
  2392 | D:5      | Noticed Pikel
  2421 | D:5      | Killed Pikel
  2421 | D:5      | Reached skill level 5 in Axes
  2421 | D:5      | Reached skill level 4 in Dodging
  2421 | D:5      | Reached XP level 8. HP: 54/73 MP: 7/7
  2587 | D:5      | Found a shattered altar of Ashenzari.
  2643 | D:5      | Found a radiant altar of Vehumet.
  2693 | D:5      | Reached skill level 5 in Fighting
  2756 | D:5      | Found a stormy altar of Qazlal.
  2768 | D:5      | Found a glowing silver altar of Zin.
  2868 | D:5      | Found an iron altar of Okawaru.
  3088 | D:6      | Found a sacrificial altar of Ru.
  3163 | D:6      | Reached skill level 5 in Dodging
  3378 | D:6      | Found Goskaeg's Magic Scroll Shop.
  3557 | D:6      | Found an ancient bone altar of Kikubaaqudgha.
  3608 | D:6      | Gained mutation: You passively map the area around you. [Deep Dwarf growth]
  3608 | D:6      | Reached XP level 9. HP: 31/81 MP: 8/8
  3707 | D:6      | Found an ornate altar of the Wu Jian Council.
  4128 | D:7      | You fall through a shaft for 2 floors!
  4149 | D:9      | Reached skill level 6 in Dodging
  4173 | D:9      | Noticed a troll
  4216 | D:9      | Killed a troll
  4399 | D:7      | Noticed Joseph
  4468 | D:7      | Killed Joseph
  4558 | D:7      | Found a staircase to the Ecumenical Temple.
  4564 | Temple   | Entered the Ecumenical Temple
  4592 | Temple   | Became a worshipper of Makhleb the Destroyer
  4838 | D:7      | Reached XP level 10. HP: 83/92 MP: 7/7
  4917 | D:7      | Noticed Prince Ribbit
  4944 | D:7      | Reached skill level 1 in Invocations
  4944 | D:7      | Reached skill level 1 in Evocations
  4965 | D:7      | Killed Prince Ribbit
  4965 | D:7      | Reached skill level 7 in Dodging
  5241 | D:8      | Noticed a two-headed ogre
  5408 | D:8      | Reached * piety under Makhleb
  5513 | D:8      | Noticed Erica
  5593 | D:8      | Killed Erica
  5769 | D:8      | Noticed Psyche
  5781 | D:8      | Killed Psyche
  5857 | D:8      | Found Amnymauc's Gadget Shoppe.
  5860 | D:8      | Bought a wand of paralysis (5) for 84 gold pieces
  5921 | D:8      | Noticed a two-headed ogre
  5938 | D:8      | Killed a two-headed ogre
  6100 | D:8      | Noticed a three-headed hydra
  6118 | D:8      | Killed a one-headed hydra
  6125 | D:8      | Noticed a cyclops
  6125 | D:8      | a two-headed ogre changed into a cyclops
  6134 | D:8      | Killed a cyclops
  6158 | D:8      | Reached skill level 8 in Dodging
  6158 | D:8      | Reached XP level 11. HP: 78/100 MP: 8/8
  6403 | D:9      | Reached ** piety under Makhleb
  6471 | D:9      | Noticed Lathuz's ghost (novice DEFE)
  6489 | D:9      | Killed Lathuz's ghost
  6489 | D:9      | Reached skill level 5 in Invocations
  6564 | D:9      | Paralysed by a hornet for 1 turns
  6571 | D:9      | Reached skill level 5 in Evocations
  6619 | D:9      | Found a staircase to the Orcish Mines.
  6786 | D:10     | Entered Level 10 of the Dungeon
  7098 | D:10     | Noticed Grum
  7194 | D:10     | Found an iron altar of Okawaru.
  7262 | D:10     | Noticed a two-headed ogre
  7277 | D:10     | Killed a two-headed ogre
  7282 | D:10     | Noticed Azzok's ghost (journeyman GnEn)
  7300 | D:10     | Reached *** piety under Makhleb
  7377 | D:10     | Noticed a two-headed ogre
  7395 | D:10     | Killed a two-headed ogre
  7425 | D:10     | Noticed a two-headed ogre
  7439 | D:10     | Killed a two-headed ogre
  7596 | D:10     | Reached skill level 9 in Dodging
  7652 | D:10     | Killed Grum
  7694 | D:10     | Killed Azzok's ghost
  7694 | D:10     | Reached XP level 12. HP: 100/110 MP: 10/10
  8020 | D:10     | Found a staircase to the Lair.
  8099 | D:10     | Reached skill level 10 in Shields
  8245 | D:10     | Reached skill level 10 in Armour
  8729 | D:11     | Reached **** piety under Makhleb
  8906 | D:11     | Noticed Urug
  8907 | D:11     | Noticed Urug
  8907 | D:11     | Urug changed into Urug the redback
  8925 | D:11     | Killed Urug the redback
  9350 | Lair:1   | Entered Level 1 of the Lair of Beasts
  9366 | Lair:1   | Reached skill level 10 in Axes
  9456 | Lair:1   | Found a dark tunnel.
  9467 | Volcano  | Entered a volcano
  9604 | Volcano  | Found a burning altar of Makhleb.
  9681 | Volcano  | Reached skill level 10 in Dodging
  9741 | Volcano  | Got a steaming scale mail
  9742 | Volcano  | Identified the +5 scale mail of Crawling {*Slow MR+++ Str-2 Int+2} (You found it in a volcano)
 10333 | Lair:1   | Noticed Gastronok
 10346 | Lair:1   | Killed Gastronok
 10404 | Lair:1   | Noticed a fire dragon
 10423 | Lair:1   | Killed a fire dragon
 10726 | Lair:2   | Found a hole to the Spider Nest.
 10765 | Lair:2   | Reached XP level 13. HP: 57/121 MP: 11/11
 12025 | Lair:3   | Reached ***** piety under Makhleb
 12653 | Lair:4   | Identified the +6 long sword of Ojejaep {chaos, Str-4 Int+7} (You found it on level 4 of the Lair of Beasts)
 12665 | Lair:4   | Reached skill level 11 in Dodging
 12689 | Lair:4   | Noticed Sonja
 12692 | Lair:4   | Noticed Sonja
 12692 | Lair:4   | Sonja changed into Sonja the warg
 12704 | Lair:4   | Killed Sonja the warg
 12889 | Lair:4   | Found a transporter.
 12917 | Lair:4   | Found a transporter.
 13065 | Lair:4   | Found a staircase to the Swamp.
 13415 | Lair:5   | Reached skill level 10 in Fighting
 13598 | Lair:5   | Noticed Snorg
 13615 | Lair:5   | Killed Snorg
 13779 | Lair:5   | Gained mutation: You resist negative energy. (rN+) [Deep Dwarf growth]
 13779 | Lair:5   | Reached XP level 14. HP: 132/132 MP: 11/11
 14520 | Lair:6   | Entered Level 6 of the Lair of Beasts
 14561 | Lair:6   | Reached ****** piety under Makhleb
 14674 | Lair:6   | Reached skill level 12 in Dodging
 15316 | Lair:6   | Found a staircase to the Slime Pits.
 15375 | Lair:6   | Found a viscous altar of Jiyva.
 16228 | Orc:1    | Entered Level 1 of the Orcish Mines
 16516 | Orc:2    | Entered Level 2 of the Orcish Mines
 16516 | Orc:2    | Noticed an orc warlord
 16561 | Orc:2    | Killed an orc warlord
 16561 | Orc:2    | Reached XP level 15. HP: 81/141 MP: 12/12
 16666 | Orc:2    | Found a bloodstained altar of Trog.
 16701 | Orc:2    | Found Ohekkoin's Distillery.
 16848 | Orc:1    | Found Qual's Assorted Antiques.
 16862 | Orc:1    | Bought a potion of agility for 68 gold pieces
 17296 | Orc:2    | Noticed Donald
 17303 | Orc:2    | Killed Donald
 17380 | Orc:2    | Found a staircase to the Elven Halls.
 17613 | Orc:2    | Found Roguv's Distillery.
 17614 | Orc:2    | Found Kuag's Magic Scroll Emporium.
 17747 | Orc:2    | Bought a potion of heal wounds for 85 gold pieces
 17747 | Orc:2    | Bought a potion of heal wounds for 85 gold pieces
 17991 | Orc:2    | Reached skill level 13 in Dodging
 18388 | Orc:2    | Found Qis Xeh's Antique Weapon Shop.
 18388 | Orc:2    | Found a one-way gate leading to the halls of Pandemonium.
 18388 | Orc:2    | Found Jemuraoth's Gadget Boutique.
 18403 | Orc:2    | Reached skill level 1 in Maces & Flails
 19086 | D:12     | Found a roughly hewn altar of Beogh.
 19800 | D:13     | Found a gate to the Vaults.
 20690 | D:14     | Found a white marble altar of Elyvilon.
 20983 | D:14     | Identified the cursed +0 pair of boots of Honour {rC+++ Str-4 Dex-4 Slay+4} (You found it on level 14 of the Dungeon)
 21344 | D:15     | Entered Level 15 of the Dungeon
 21405 | D:15     | Reached XP level 16. HP: 152/152 MP: 12/12
 21581 | D:15     | Found a glowing golden altar of the Shining One.
 21745 | D:15     | Found the +5 demon whip "Spellbinder" {antimagic, MR+}
 21940 | D:15     | Found a staircase to the Depths.
 22415 | Swamp:1  | Entered Level 1 of the Swamp
 22537 | Swamp:1  | Reached skill level 14 in Dodging
 23197 | Swamp:2  | Reached skill level 5 in Maces & Flails
 23273 | Swamp:2  | Found a frozen archway.
 23288 | IceCv    | Entered an ice cave
 23887 | Swamp:2  | Noticed a thorn hunter
 23898 | Swamp:2  | a thorn hunter changed into a shambling mangrove
 24217 | Swamp:2  | Noticed a thorn hunter
 24245 | Swamp:2  | Killed a thorn hunter
 24252 | Swamp:2  | Identified the +11 morningstar of the Nexus {antimagic, Dex+2} (You found it on level 2 of the Swamp)
 24547 | Swamp:3  | Noticed Mara
 24560 | Swamp:3  | Noticed kuniqs's illusion
 24772 | Swamp:4  | Entered Level 4 of the Swamp
 24993 | Swamp:4  | Paralysed by a hornet for 1 turns
 25005 | Swamp:4  | Reached XP level 17. HP: 105/162 MP: 4/13
 25075 | Swamp:4  | Reached skill level 15 in Shields
 25155 | Swamp:4  | Reached skill level 15 in Armour
 25345 | Swamp:4  | Got a heavily runed chain mail
 25469 | Swamp:4  | Identified the +1 chain mail of the Valley of Death {*Corrode rF+ Regen+ Slay+2} (You found it on level 4 of the Swamp)
 25804 | Swamp:4  | Noticed a bone dragon
 25815 | Swamp:4  | Killed a bone dragon
 25929 | Swamp:4  | Got a decaying rune of Zot
 26804 | Spider:1 | Entered Level 1 of the Spider Nest
 26868 | Spider:1 | Reached skill level 15 in Dodging
 27702 | Spider:2 | Noticed Arachne
 27729 | Spider:2 | Killed Arachne
 29349 | Spider:4 | Entered Level 4 of the Spider Nest
 29591 | Spider:4 | Gained mutation: You passively map a large area around you. [Deep Dwarf growth]
 29591 | Spider:4 | Reached XP level 18. HP: 172/172 MP: 4/12
 30486 | Spider:4 | Got a gossamer rune of Zot
 30847 | Elf:1    | Entered Level 1 of the Elven Halls
 31059 | Elf:1    | Noticed Asterion
 31067 | Elf:1    | Killed Asterion
 31320 | Elf:1    | Reached skill level 16 in Dodging
 31547 | Elf:1    | Noticed Roxanne
 31886 | Elf:2    | Found a ruined gateway.
 31916 | Desolati | Entered the Desolation of Salt
 32174 | Desolati | Got a shimmering bone ring
 32175 | Desolati | Identified a ring "Waraics" {rC+ Str+8 Int-2} (You found it in the Desolation of Salt)
 32180 | Desolati | Identified the +8 chain mail of Happy Babbling {-Tele rElec rN+} (You found it in the Desolation of Salt)
 32277 | Desolati | Reached skill level 10 in Maces & Flails
 32691 | Elf:2    | Found a runed gate.
 32691 | Elf:2    | Found a runed gate.
 32691 | Elf:2    | Found a runed gate.
 32925 | Elf:3    | Entered Level 3 of the Elven Halls
 32951 | Elf:3    | Reached XP level 19. HP: 183/183 MP: 3/11
 32970 | Elf:3    | Found Cuak's Assorted Antiques.
 33195 | Elf:3    | Found an ancient bone altar of Kikubaaqudgha.
 34183 | Elf:3    | Found the +9 scales of the Dragon King {rPois rF+ rC+ MR+}
 34183 | Elf:3    | Found the cursed +14 obsidian axe {chop, +Fly SInv *Curse}
 34357 | Elf:3    | Reached skill level 17 in Dodging
 34379 | Elf:3    | Identified the cursed +0 gold dragon scales "Giokiomp" {+Blink rPois rF+ rC+ Str+4} (You found it on level 3 of the Elven Halls)
 34404 | Elf:3    | Got a warped bronze amulet
 34405 | Elf:3    | Identified the amulet of Mehockodweo {Gourm Dex+3} (You found it on level 3 of the Elven Halls)
 34921 | Vaults:1 | Entered Level 1 of the Vaults
 35414 | Vaults:1 | Reached skill level 15 in Fighting
 35835 | Vaults:1 | Reached XP level 20. HP: 194/194 MP: 12/12
 36322 | Vaults:2 | Found a glowing silver altar of Zin.
 36401 | Vaults:2 | Got a scorched bronze amulet
 36402 | Vaults:2 | Identified the amulet of Guitonep {Faith rC+ Str+3 Int-5} (You found it on level 2 of the Vaults)
 36573 | Vaults:2 | Reached skill level 18 in Dodging
 37601 | Vaults:3 | Found a staircase to the Crypt.
 38491 | Vaults:4 | Found a flickering gateway to a bazaar.
 38500 | Bazaar   | Entered a bazaar
 38500 | Bazaar   | Found Kicworr's General Store.
 38503 | Bazaar   | Found Regho's Weapon Emporium.
 38512 | Bazaar   | Found Vualiwn's Antique Armour Boutique.
 38545 | Bazaar   | Found Etuakam's Assorted Antiques.
 38582 | Bazaar   | Bought a scroll of enchant armour for 67 gold pieces
 38582 | Bazaar   | Bought a scroll of magic mapping for 31 gold pieces
 38679 | Vaults:4 | Reached skill level 19 in Dodging
 38730 | Vaults:4 | Reached XP level 21. HP: 204/204 MP: 13/13
 39119 | Vaults:4 | Reached skill level 15 in Axes
 39554 | Vaults:5 | Entered Level 5 of the Vaults
 39555 | Vaults:5 | GOTTA PEE
 39560 | Vaults:5 | Noticed Jorgrun
 39571 | Vaults:5 | Killed Jorgrun
 39715 | Vaults:5 | Noticed a golden dragon
 39726 | Vaults:5 | Reached skill level 20 in Dodging
 39759 | Vaults:5 | Killed a golden dragon
 39917 | Vaults:5 | Reached XP level 22. HP: 199/214 MP: 14/14
 39949 | Vaults:5 | HP: 10/216 [titan (20)]
 39950 | Vaults:5 | Killed from afar by a lich

Vault maps used:
D:1:      dpeg_arrival_pond
D:2:      kennysheep_potato
D:3:      lemuel_doored_altar, tgw_kikubaaqudgha
D:5:      ashenzari_altar_1, nicolae_overflow_hidden_temple,
          nicolae_overflow_crystal_walls, first_ration, basic_altar,
          vehumet_altar_wand_db, uniq_pikel
D:6:      lemuel_coloured_pillars_altar, lemuel_round_altar, lemuel_round_altar,
          serial_shops, shop_statue
D:7:      minmay_temple_entry_enclosed_plants, uniq_joseph, uniq_prince_ribbit1
D:8:      serial_shops, shop, hangedman_ranch, corexii_checkpoint_a,
          uniq_psyche, uniq_erica
D:9:      kennysheep_big_flooded_room, orc_0_dummy
D:10:     kennysheep_town, uniq_grum
D:11:     uniq_urug
D:12:     cheibrodos_statue_roulette, david_defended_altar_orc
D:13:     david_vaults_2
D:14:     elyvilon_altar_5
D:15:     hangedman_depths_entry_try_elsewhere_first, tso_metal_star,
          hangedman_corner_corridor
Temple:   eino_wide_crystal_templ
Lair:1:   dragon1_lemuel, nicolae_volcano_entry_hallway,
          minmay_lair_oklob_chamber, uniq_gastronok
Lair:2:   lemuel_slime, nicolae_spider_entry_non_spiders
Lair:3:   regret_index_wax_grids, infiniplex_staircase_pool_2,
          serial_bayou_shore_b
Lair:4:   gammafunk_cloud_chamber, nicolae_swamp_entry_splash_gauntlet,
          grunt_megastairs_1, infiniplex_staircase_pool, uniq_sonja
Lair:5:   beast_lair_carwin_3, lemuel_fruit_tree, uniq_snorg
Lair:6:   minmay_lair_end_frog_pond, slime_altar_1, serial_bayou_lagoon_a
Swamp:1:  serial_swamp_ruin, evilmike_swamp_ruin_house_6,
          evilmike_swamp_ruin_house_3, evilmike_swamp_ruin_house_4,
          nicolae_swamp_very_dense_foliage
Swamp:2:  portal_ice_cave_entry_pillars_three, hangedman_swamp_pad, swamp_pool4,
          nicolae_swamp_orc_logging_accident, nicolae_swamp_little_tower
Swamp:3:  evilmike_swamp_ruin_house_1, swamp_pool2, uniq_mara
Swamp:4:  swamp_pestilence
Spider:2: uniq_arachne
Spider:4: guppyfry_spider_rune
Orc:1:    serial_shops, nicolae_shop_trees
Orc:2:    pf_orc_diabolical, serial_shops,
          nicolae_shop_temple_entry_statues_fountains, basic_altar, uniq_donald
Elf:1:    lemuel_flame_loot_1, uniq_roxanne, uniq_asterion
Elf:2:    portal_desolation_entry_twin_temple
Elf:3:    minmay_elf_hall, basic_altar, serial_shops, shop
Vaults:1: v_pattern_5, vaults_room_semicircle, v_alt_pattern_3,
          nicolae_vaults_little_ls, ontoclasm_vaults_hangar,
          nicolae_vaults_asterisk, v_rooms_6, hangedman_vaults_snaps, v_misc_26,
          ontoclasm_vaults_eye
Vaults:2: vaults_room_door_ring, nicolae_vaults_little_squares_3, v_misc_25,
          vaults_mumra_minichess, ontoclasm_vaults_gateway,
          nicolae_vaults_alarming, basic_altar
Vaults:3: v_misc_23, ontoclasm_vaults_loading_screen, v_misc_25,
          minmay_crypt_entry_simple_sparse, dpeg_vaults_monster_row,
          grunt_vaults_diagonal, vaults_room_ringed_pool,
          hangedman_vaults_river_flow, nicolae_vaults_little_squares_4,
          hangedman_vaults_maws, vaults_room_hallway, v_alt_pattern_1,
          hangedman_vaults_maws, vaults_dpeg_spiral, vaults_mumra_hexcomb
Vaults:4: v_misc_23, grunt_vaults_funnel, v_misc_14, v_misc_5,
          nicolae_vaults_meeting, vaults_room_octagon, v_misc_29,
          ontoclasm_vaults_misaligned, vaults_dpeg_diagonal, vaults_mumra_lcd,
          vaults_mumra_minichess_inversion, ontoclasm_vaults_loading_screen,
          serial_shops, freezing_bzr
Vaults:5: serial_shops, uniq_jorgrun
Bazaar:   bazaar_kb_twisted_cavern
IceCv:    ice_cave_small_demon
Volcano:  volcano_lake

Skill      XL: |  1  2  3  4  5  6  7  8  9 10 11 12 13 14 15 16 17 18 19 20 21 22 |
---------------+-------------------------------------------------------------------+-----
Dodging        | 1 2 3 4 5 6 8 9 10 11 12 13 14 15 16 17 19 20 | 20.0
Fighting       | 3 4 5 6 7 8 9 10 11 12 13 14 15 16 | 16.6
Axes           | 3 4 5 6 7 8 9 10 11 12 13 14 15 16 | 16.0
Armour         | 4 5 6 7 8 9 10 12 13 14 15 16 17 18 19 | 19.2
Shields        | 4 5 6 7 8 9 10 12 13 14 15 16 17 18 19 | 19.2
Invocations    | 4 6 |  6.0
Evocations     | 4 6 |  6.1
Maces & Flails | 3 6 8 10 11 | 11.1

Action                   |  1- 3 |  4- 6 |  7- 9 | 10-12 | 13-15 | 16-18 | 19-21 | 22-24 || total
-------------------------+-------+-------+-------+-------+-------+-------+-------+-------++-------
Melee: War axe           |    77 |   164 |   474 |   256 |   151 |       |       |       ||  1122
       Scimitar          |       |       |       |     4 |       |       |       |       ||     4
       Hand axe          |       |       |       |  1033 |  2141 |       |       |       ||  3174
       Demon whip        |       |       |       |       |   761 |   790 |       |       ||  1551
       Morningstar       |       |       |       |       |       |  1967 |   367 |       ||  2334
       Broad axe         |       |       |       |       |       |       |  1003 |    31 ||  1034
Invok: Lesser Servant of |       |       |       |     5 |     3 |       |       |       ||     8
       Major Destruction |       |       |       |       |     2 |       |       |       ||     2
 Abil: Heal Wounds       |     1 |     3 |     9 |    13 |     7 |    13 |       |       ||    46
       Evoke Berserk Rag |       |       |       |       |    13 |     1 |       |       ||    14
Evoke: Wand              |       |       |    11 |    29 |    14 |    13 |     2 |       ||    69
       Lightning rod     |       |       |       |       |     6 |       |     4 |       ||    10
  Use: Scroll            |       |     5 |     4 |    10 |    18 |    26 |     8 |       ||    71
       Potion            |       |     1 |       |     2 |     2 |    10 |     1 |     1 ||    17
 Stab: Paralysed         |       |       |     1 |    16 |       |       |       |       ||    17
       Confused          |       |       |       |     6 |       |       |       |       ||     6
       Petrified         |       |       |       |       |       |     3 |       |       ||     3
       Petrifying        |       |       |       |       |       |     1 |       |       ||     1
       Distracted        |       |       |       |       |       |       |    14 |       ||    14
  Eat: Chunk             |       |     4 |    10 |    18 |    46 |    28 |    30 |       ||   136
       Ration            |       |       |       |     1 |     3 |     5 |     1 |       ||    10
Armor: Scale mail        |    46 |    45 |       |       |       |       |       |       ||    91
       Plate armour      |       |     4 |   163 |   346 |   284 |   942 |       |       ||  1739
       Chain mail        |       |       |       |    38 |   407 |       |       |       ||   445
       Fire dragon scale |       |       |       |       |       |   615 |   300 |    18 ||   933
Dodge: Dodged            |    27 |   110 |   244 |   611 |  1529 |  2460 |   539 |    47 ||  5567
Block: Shield            |    44 |   103 |   269 |   735 |  1712 |  1244 |       |       ||  4107
       Reflection        |       |       |       |       |    18 |     9 |       |       ||    27
       Large shield      |       |       |       |       |       |  1677 |  1117 |    51 ||  2845
       Rpst.: Scimitar   |       |       |       |     1 |       |       |       |       ||     1

Table legend:
 A = Spawn XP
 B = Non-spawn XP
 C = Spawn XP percentage of total XP
 D = Spawn monster count
 E = Non-spawn monster count
 F = Spawn count percentage of total count
 G = Total turns spent on level
                    A         B        C        D         E        F      G
               +---------+---------+-------+---------+---------+-------+---------
         Total |       0 |  722348 |   0.0 |       0 |    1831 |   0.0 | 39950
               +---------+---------+-------+---------+---------+-------+---------
           D:1 |       0 |      24 |   0.0 |       0 |      15 |   0.0 |   470
           D:2 |       0 |     153 |   0.0 |       0 |      19 |   0.0 |   730
           D:3 |       0 |     439 |   0.0 |       0 |      23 |   0.0 |   611
           D:4 |       0 |     344 |   0.0 |       0 |      14 |   0.0 |   616
           D:5 |       0 |    1085 |   0.0 |       0 |      23 |   0.0 |   724
           D:6 |       0 |    1207 |   0.0 |       0 |      29 |   0.0 |  1138
           D:7 |       0 |    1975 |   0.0 |       0 |      33 |   0.0 |  1052
           D:8 |       0 |    5812 |   0.0 |       0 |      39 |   0.0 |  1036
           D:9 |       0 |    3638 |   0.0 |       0 |      33 |   0.0 |   777
          D:10 |       0 |   10617 |   0.0 |       0 |      72 |   0.0 |  2032
          D:11 |       0 |    3246 |   0.0 |       0 |      21 |   0.0 |   854
          D:12 |       0 |    7446 |   0.0 |       0 |      41 |   0.0 |  1145
          D:13 |       0 |    6557 |   0.0 |       0 |      33 |   0.0 |   842
          D:14 |       0 |   10277 |   0.0 |       0 |      34 |   0.0 |   827
          D:15 |       0 |   17556 |   0.0 |       0 |      37 |   0.0 |   798
        Lair:1 |       0 |    5375 |   0.0 |       0 |      17 |   0.0 |  1352
        Lair:2 |       0 |    3317 |   0.0 |       0 |      38 |   0.0 |  1033
        Lair:3 |       0 |    7051 |   0.0 |       0 |      47 |   0.0 |  1031
        Lair:4 |       0 |    8462 |   0.0 |       0 |      32 |   0.0 |   947
        Lair:5 |       0 |   15933 |   0.0 |       0 |      42 |   0.0 |  1148
        Lair:6 |       0 |   27268 |   0.0 |       0 |     102 |   0.0 |  1530
       Swamp:1 |       0 |    6467 |   0.0 |       0 |      15 |   0.0 |   786
       Swamp:2 |       0 |   16420 |   0.0 |       0 |      31 |   0.0 |   942
       Swamp:3 |       0 |    9934 |   0.0 |       0 |      23 |   0.0 |   280
       Swamp:4 |       0 |   31505 |   0.0 |       0 |      93 |   0.0 |  1262
      Spider:1 |       0 |   10515 |   0.0 |       0 |      32 |   0.0 |   968
      Spider:2 |       0 |   15166 |   0.0 |       0 |      33 |   0.0 |  1194
      Spider:3 |       0 |   14059 |   0.0 |       0 |      39 |   0.0 |   495
      Spider:4 |       0 |   40879 |   0.0 |       0 |      92 |   0.0 |  1207
         Orc:1 |       0 |    2093 |   0.0 |       0 |      29 |   0.0 |   551
         Orc:2 |       0 |   26268 |   0.0 |       0 |     102 |   0.0 |  1844
         Elf:1 |       0 |   12585 |   0.0 |       0 |      17 |   0.0 |  1054
         Elf:2 |       0 |    9182 |   0.0 |       0 |      14 |   0.0 |   519
         Elf:3 |       0 |   66958 |   0.0 |       0 |      51 |   0.0 |  1747
      Vaults:1 |       0 |   37786 |   0.0 |       0 |      81 |   0.0 |  1115
      Vaults:2 |       0 |   42241 |   0.0 |       0 |      76 |   0.0 |  1231
      Vaults:3 |       0 |   46385 |   0.0 |       0 |      94 |   0.0 |  1131
      Vaults:4 |       0 |   68237 |   0.0 |       0 |      89 |   0.0 |  1060
      Vaults:5 |       0 |   88104 |   0.0 |       0 |      78 |   0.0 |   396
         IceCv |       0 |    5304 |   0.0 |       0 |      30 |   0.0 |   386
       Volcano |       0 |    4242 |   0.0 |       0 |      17 |   0.0 |   393
    Desolation |       0 |   30236 |   0.0 |       0 |      51 |   0.0 |   554
               +---------+---------+-------+---------+---------+-------+---------
